 Dungeon Crawl Stone Soup version 0.27-a0-550-ge92ec0ca06 (webtiles) character file.

Game seed: 13587429176389163604

3759 rednaxela the Zephyrmancer (level 9, -7/45 HPs)
             Began as a Deep Elf Ice Elementalist on Mar 7, 2021.
             Was a Follower of Sif Muna.
             Mangled by an orc warrior
             ... wielding a +0 dire flail
              (14 damage)
             ... on level 7 of the Dungeon.
             The game lasted 00:32:58 (12211 turns).

rednaxela the Zephyrmancer (DEIE)                  Turns: 12211, Time: 00:32:59

Health: -7/45      AC:  6    Str:  5    XL:     9   Next: 94%
Magic:  5/23       EV: 14    Int: 24    God:    Sif Muna [*.....]
Gold:   302        SH:  0    Dex: 15    Spells: 10/25 levels left

rFire    . . .     SeeInvis .   B - +2 short sword (venom)
rCold    . . .     Faith    .   (no shield)
rNeg     . . .     Spirit   .   a - +0 robe
rPois    .         Reflect  .   t - +0 helmet
rElec    .         Harm     .   g - scarf {repulsion}
rCorr    .         Rampage  .   (no gloves)
Will     .....                  p - +2 pair of boots {Stlth+}
Stlth    +++.......             (no amulet)
HPRegen  0.15/turn              (no ring)
MPRegen  0.18/turn              (no ring)

@: swift, repel missiles, quick
A: no striking features
a: Renounce Religion, Channel Magic


You were on level 7 of the Dungeon.
You worshipped Sif Muna.
Sif Muna was aware of your devotion.
You visited 2 branches of the dungeon, and saw 9 of its levels.

You collected 494 gold pieces.
You spent 192 gold pieces at shops.

Inventory:

Hand Weapons
 B - a +2 short sword of venom (weapon)
   (You took it off Duvessa on level 5 of the Dungeon)
Missiles
 j - 261 stones
 r - 23 poisoned darts
Armour
 a - a +0 robe (worn)
 g - a scarf of repulsion (worn)
   (You found it on level 1 of the Dungeon)
 p - a +2 pair of boots of stealth (worn)
   (You acquired it on level 6 of the Dungeon)
 t - a +0 helmet (worn)
   (You took it off Robin on level 3 of the Dungeon)
Jewellery
 e - an amulet of guardian spirit
   (You found it on level 2 of the Dungeon)
 h - a ring of flight
   (You found it on level 1 of the Dungeon)
Wands
 x - a wand of polymorph (10)
   (You found it on level 4 of the Dungeon)
 y - a wand of iceblast (7) {@v2}
   (You found it on level 7 of the Dungeon)
Scrolls
 b - a scroll of blinking {@r4}
 i - 3 scrolls of teleportation {@r3 !r}
 k - a scroll of fog {!r}
 l - 4 scrolls of amnesia
 m - 2 scrolls of enchant weapon
 n - a scroll of enchant armour
 v - 3 scrolls of magic mapping {@r5 !r}
 w - a scroll of fear {!r}
Potions
 c - 2 potions of haste {@q4 !q}
 d - 2 potions of lignification {@q5}
 f - 2 potions of curing {@q1 !q}
 o - a potion of haste {@q4 !q}
 q - a potion of berserk rage {unknown}
 s - a potion of mutation {unknown}
 u - 3 potions of brilliance {unknown}
 z - a potion of heal wounds {unknown}
 A - a potion of attraction {unknown}
 C - a potion of flight {unknown}
 D - a potion of invisibility {unknown}


   Skills:
 + Level 5.6 Dodging
 - Level 2.4 Stealth
 + Level 8.6 Spellcasting
 + Level 8.1 Conjurations
 - Level 5.6 Ice Magic
 - Level 9.0 Air Magic


You had 10 spell levels left.
You knew the following spells:

 Your Spells              Type           Power      Damage    Failure   Level
a - Freeze                Ice            100%       1d11      1%          1
b - Airstrike             Air            26%        N/A       1%          4
c - Summon Ice Beast      Ice/Summ       23%        N/A       19%         4
d - Hailstorm             Conj/Ice       43%        3d10      3%          4
s - Swiftness             Air            52%        N/A       1%          2

Your spell library contained the following spells:

 Spells                   Type           Power      Damage    Failure   Level
 Shock                    Conj/Air       100%       1d9       1%          1
 Frozen Ramparts          Ice            74%        1d9       1%          3
 Ozocubu's Armour         Ice            37%        N/A       1%          3
 Static Discharge         Conj/Air       51%        N/A       1%          3
 Ensorcelled Hibernation  Hex/Ice        46%        N/A       3%          2
 Dazzling Flash           Conj/Hex       60%        N/A       3%          3
 Lightning Bolt           Conj/Air       25%        1d41      4%          5
 Corona                   Hex            11%        N/A       6%          1
 Confusing Touch          Hex            10%        N/A       19%         3
 Tukima's Dance           Hex            10%        N/A       19%         3


Dungeon Overview and Level Annotations

Branches:
Dungeon (8/15)             Temple (1/1) D:6
   Lair: D:8-11

Altars:
Ashenzari
Cheibriados
Dithmenos
Elyvilon
Gozag
Hepliaklqana
Kikubaaqudgha
Makhleb
Nemelex Xobeh
Qazlal
Ru
Sif Muna
Trog
Uskayaw
Vehumet
Wu Jian
Xom
Yredelemnul
The Shining One

Shops:
D:4 *

Annotations:
D:3 Grinder
D:7 4 runed translucent doors, Harold


Message History

Things that are here:
a +0 whip; a +0 scale mail; an orc corpse
Found a stone staircase leading down.
There is a stone staircase leading down here.
Found a stone staircase leading up.
There is a stone staircase leading up here.
Harold is nearby!
Unknown command.
Okay, then.
Press: ? - help, v - describe, . - travel The floor.
Okay, then.
Okay, then.
There is a stone staircase leading up here.
You climb upwards.
There is a stone staircase leading down here.
Search for what [Enter for "sif", or ? for help]? invis Can't find anything matching that.
There is a stone staircase leading down here.
You climb downwards.
Level annotation: 4 runed translucent doors, Harold
There is a stone staircase leading up here.
There is a stone staircase leading down here.
You climb downwards.
A centaur skeleton comes into view.
Found 10 gold pieces.
There is a stone staircase leading up here.
The air twists around and strikes the centaur skeleton!
The centaur skeleton is severely damaged.
The air twists around and strikes the centaur skeleton!
You destroy the centaur skeleton!
You now have 292 gold pieces (gained 10).
Magic restored.
Found an escape hatch in the floor.
Found a stone staircase leading down.
There is an escape hatch in the floor here.
Found a stone staircase leading down.
An adder comes into view.
The air twists around and strikes the adder!
The adder hisses angrily.
The adder is almost dead.
You hit the adder.
You kill the adder!
You see here an adder corpse.
You now have 302 gold pieces (gained 10).
A phantom comes into view.
The air twists around and strikes the phantom!
The phantom is moderately damaged.
The air twists around and strikes the phantom!
The phantom is almost destroyed.
The phantom misses you.
The air twists around and strikes the phantom!
You destroy the phantom!
A jelly comes into view.
A jelly is nearby!
The air twists around and strikes the jelly!
The jelly is severely wounded.
The air twists around and strikes the jelly!
You kill the jelly!
There is a stone staircase leading down here.
D - a metallic sapphire potion An orc wizard comes into view.
It is wielding a +0 dagger.
The air twists around and strikes the orc wizard.
The orc wizard shouts!
The orc wizard is moderately wounded.
You hear a shout!
The air twists around and strikes the orc wizard!
You kill the orc wizard!
A sky beast comes into view.
A sky beast is nearby!
The air twists around and strikes the sky beast!
The sky beast is moderately wounded.
The air twists around and strikes the sky beast!
The sky beast is severely wounded.
An orc warrior comes into view. It is wielding a +0 dire flail.
The air twists around and strikes the sky beast!
You kill the sky beast!
The orc warrior shouts!
The air twists around and strikes the orc warrior!
The orc warrior is moderately wounded.
You hear a shout!
You are too depleted to draw on your mana recklessly!
You closely miss the orc warrior.
The orc warrior is moderately wounded.
The orc warrior hits you with a +0 dire flail!
An orc comes into view. It is wielding a +0 morningstar.
An orc comes into view. It is wielding a +0 hand axe.
There is a stone staircase leading up here.
The orc warrior hits you with a +0 dire flail!
* * * LOW HITPOINT WARNING * * *
You climb upwards.
Level annotation: 4 runed translucent doors, Harold
There is a stone staircase leading down here.
The orc warrior hits you with a +0 dire flail!!
* * * LOW HITPOINT WARNING * * *
Casting: Airstrike (dangerous; 1% risk of failure)
Confirm with . or Enter, or press ? or * to list all spells.
You feel quick.
The orc warrior hits you with a +0 dire flail!
You die...

# #.#...........#######..## #
#.##.#..................#
####.#.........#.####..###+#
...#.#..#.####.#.# #.##
.....#..#.# #.#.####.#
.#.###..#.# ###......#
.#......#.# ######.#
.#......#.###########.#
....##..#......o@..##.## ###
#.......##########.##..######..##
#.#.#...# #.##............
#.#.#...##########.##.##.####.#..
#.#.#............#.##o##.# .(
#.#.#...########.#<##.##.#######.
#.#.#...########.####s##......so.
#.#...........##.# #.##########.
#.####.#...##.##.# #.# ##


You could see an orc warrior.

Vanquished Creatures
  Pikel (D:7)
  A gargoyle (D:7)
  Eustachio (D:5)
  Duvessa (D:5)
  3 orc warriors
  2 sky beasts
  A hornet zombie (D:7)
  2 ogres
  A phantom (D:8)
  3 centaurs (D:6)
  A lemure (D:7)
  2 bullfrogs
  Dowan (D:5)
  2 water moccasin skeletons
  7 scorpions
  A jelly (D:8)
  2 quasits (D:7)
  3 centaur skeletons
  3 hounds
  4 orc priests
  A gnoll shaman (D:6)
  2 bullfrog skeletons
  An iguana (D:4)
  A worker ant (D:7)
  7 orc wizards
  A hound skeleton (D:6)
  Robin (D:3)
  10 gnolls
  A howler monkey skeleton (D:5)
  9 adders
  3 white imps
  An ufetubus (D:5)
  An ooze (D:1)
  3 worms
  2 dart slugs
  3 leopard geckos
  35 orcs
  9 bats
  5 giant cockroaches
  14 goblins
  6 hobgoblins
  2 jackals (D:3)
  9 kobolds
  5 quokkas
  8 frilled lizards
  A jackal skeleton (D:5)
  A quokka skeleton (D:4)
  7 rats
191 creatures vanquished.

Notes
Turn   | Place    | Note
-------+----------+-------------------------------------------
     0 | D:1      | rednaxela the Deep Elf Ice Elementalist began the quest for
                  | the Orb.
     0 | D:1      | Reached XP level 1. HP: 10/10 MP: 6/6
   287 | D:1      | Reached XP level 2. HP: 14/15 MP: 3/8
  1074 | D:2      | Reached skill level 4 in Spellcasting
  1119 | D:2      | Reached skill level 5 in Ice Magic
  1119 | D:2      | Reached XP level 3. HP: 19/19 MP: 8/10
  2193 | D:3      | Reached XP level 4. HP: 24/24 MP: 10/12
  2266 | D:3      | Learned a level 4 spell: Hailstorm
  2271 | D:3      | Learned a level 4 spell: Summon Ice Beast
  2634 | D:3      | Reached skill level 1 in Conjurations
  2685 | D:3      | Reached skill level 2 in Conjurations
  3023 | D:3      | Reached XP level 5. HP: 28/28 MP: 3/14
  3118 | D:3      | Reached skill level 3 in Conjurations
  3229 | D:3      | Noticed Grinder
  3271 | D:3      | Noticed Robin
  3391 | D:3      | Reached skill level 4 in Conjurations
  3700 | D:3      | Killed Robin
  3970 | D:3      | Reached XP level 6. HP: 32/32 MP: 12/15
  4078 | D:3      | Found a white marble altar of Elyvilon.
  4477 | D:3      | Reached skill level 5 in Conjurations
  4693 | D:4      | Found Pedghofyle's General Store.
  4727 | D:4      | Bought a potion of haste for 110 gold pieces
  4727 | D:4      | Bought a scroll of enchant armour for 82 gold pieces
  4741 | D:3      | Learned a level 2 spell: Swiftness
  4773 | D:3      | Reached skill level 5 in Spellcasting
  5267 | D:4      | Learned a level 4 spell: Airstrike
  5306 | D:4      | Reached skill level 1 in Air Magic
  5688 | D:4      | Reached skill level 2 in Air Magic
  5688 | D:4      | Reached XP level 7. HP: 26/36 MP: 12/16
  5942 | D:5      | Entered Level 5 of the Dungeon
  6150 | D:5      | Reached skill level 3 in Air Magic
  6405 | D:5      | Reached skill level 4 in Air Magic
  7075 | D:5      | Reached skill level 5 in Air Magic
  7101 | D:5      | Noticed Duvessa
  7140 | D:5      | Noticed Dowan
  7559 | D:5      | Killed Duvessa
  7677 | D:5      | Killed Dowan
  7678 | D:5      | Reached skill level 6 in Air Magic
  7678 | D:5      | Reached XP level 8. HP: 41/41 MP: 8/17
  8125 | D:6      | Noticed Eustachio
  8278 | D:5      | Killed Eustachio
  8279 | D:5      | Reached skill level 7 in Air Magic
  8499 | D:6      | Reached skill level 8 in Air Magic
  8698 | D:6      | Found a staircase to the Ecumenical Temple.
  8733 | Temple   | Entered the Ecumenical Temple
  8874 | Temple   | Became a worshipper of Sif Muna the Loreminder
  9112 | D:6      | Reached skill level 9 in Air Magic
  9430 | D:6      | Reached skill level 6 in Conjurations
  9430 | D:6      | Reached XP level 9. HP: 45/45 MP: 2/19
  9587 | D:6      | Reached skill level 6 in Spellcasting
 10085 | D:6      | Identified a scroll of acquirement
 10085 | D:6      | Acquired a +2 pair of boots of stealth
 10277 | D:7      | Noticed a gargoyle
 10298 | D:7      | Killed a gargoyle
 10299 | D:7      | Reached skill level 3 in Dodging
 10299 | D:7      | Reached skill level 7 in Spellcasting
 10546 | D:7      | Noticed Pikel
 10584 | D:7      | Killed Pikel
 10585 | D:7      | Reached skill level 4 in Dodging
 10585 | D:7      | Reached skill level 7 in Conjurations
 10807 | D:7      | Found a large runed translucent door.
 10808 | D:7      | Found a large runed translucent door.
 10849 | D:7      | Noticed Harold
 11021 | D:7      | Reached * piety under Sif Muna
 11159 | D:7      | Reached skill level 8 in Spellcasting
 11372 | D:7      | Reached skill level 5 in Dodging
 11712 | D:7      | Found a large runed translucent door.
 11716 | D:7      | Reached skill level 8 in Conjurations
 11780 | D:7      | Found a large runed translucent door.
 12211 | D:7      | Mangled by an orc warrior

Illustrated notes

Levels and vault maps discovered:
D:1:      dpeg_arrival_chambers_temple_mockup, layout_basic
D:2:      layout_loops_ring
D:3:      layout_basic, lemuel_coloured_pillars_altar,
          chequers_serial_rivers_small_a, minmay_fractal_squares_gapless_5,
          uniq_grinder, uniq_robin
D:4:      layout_rooms, serial_shops, nicolae_shop_stone
D:5:      layout_cave_pools, grunt_ministairs_12,
          corexii_item_surrounded_by_moat, uniq_duvessa
D:6:      layout_gridville, temple_pool_b, uniq_eustachio
D:7:      layout_basic, gammafunk_temple_overflow_statue,
          minmay_hollow_rounded_squares, uniq_pikel, uniq_harold
D:8:      layout_loops_ring, nicolae_overflow_crystal_walls,
          fedhas_ov_isle_minmay
Temple:   compressed_dpeg_circular_temple

Skill      XL: |  1  2  3  4  5  6  7  8  9 |
---------------+----------------------------+-----
Spellcasting   | 4 5 8 |  8.6
Ice Magic      | 5 |  5.6
Conjurations   | 2 4 5 6 8 |  8.1
Air Magic      | 2 6 9 |  9.0
Dodging        | 5 |  5.6
Stealth        | |  2.4

Action                   |  1- 3 |  4- 6 |  7- 9 || total
-------------------------+-------+-------+-------++-------
Melee: Trident           |     5 |     1 |       ||     6
       Dagger            |       |    26 |    22 ||    48
       Short sword       |       |       |    24 ||    24
Throw: Stone             |     1 |     1 |       ||     2
       Dart              |       |     2 |     8 ||    10
 Cast: Freeze            |    58 |   109 |    17 ||   184
       Hailstorm         |       |     6 |       ||     6
       Airstrike         |       |       |   134 ||   134
       Swiftness         |       |       |     1 ||     1
  Use: Scroll            |     4 |     4 |     5 ||    13
 Stab: Sleeping          |     1 |     4 |     1 ||     6
       Distracted        |       |     1 |       ||     1
Armor: Robe              |     6 |    18 |    11 ||    35
Dodge: Dodged            |    31 |    66 |    61 ||   158

Table legend: (Time is in decaauts)
 A = Elapsed time spent in this place.
 B = Non-inter-level travel time spent in this place.
 C = Inter-level travel time spent in this place.
 D = Time resting spent in this place.
 E = Time spent auto-exploring this place.
 F = Levels seen in this place.
 G = Mean time per level.
                   A        B        C        D        E       F      G
               +--------+--------+--------+--------+--------+-----+--------+
         Total |  12240 |  11941 |    299 |   3734 |   6171 |   9 | 1360.0 |
       Dungeon |  12086 |  11818 |    268 |   3734 |   6051 |   8 | 1510.8 |
        Temple |    153 |    122 |     31 |      0 |    120 |   1 |  153.0 |
               +--------+--------+--------+--------+--------+-----+--------+

Top non-repeatable levels by time:
     D:3: 2796 daAuts
     D:5: 1813 daAuts
     D:7: 1792 daAuts
     D:4: 1768 daAuts
     D:6: 1412 daAuts
     D:2: 1224 daAuts
     D:1: 1021 daAuts
     D:8: 256 daAuts
  Temple: 153 daAuts
